Cogmind - Beta 13 @@@ ROGUE MODE // 2024.05.02 @ 17:09:30 Player: Johnerson Result: Destroyed by D-53 Grenadier with Mini Grenade Launcher Performance ------------- Evolutions (0) 0 Regions Visited (2) 400 Robots Destroyed (13) 65 Value Destroyed (178) 178 Prototype IDs (0) 0 Alien Tech Used (0) 0 Bonus (0) 0 TOTAL SCORE: 643 Bonus ------- None Cogmind --------- Core Integrity 0/250 Matter 207/300 Energy 250/250 System Corruption 3% Temperature Cool (1) Movement Core (100) Ox1 Location -10/Mines Parts ------- > --- POWER (1) -------- Ion Engine > --- PROPULSION (2) --- (None) > --- UTILITY (2) ------ Improved Targeting Computer > --- WEAPON (2) ------- (None) > --- INVENTORY (5) ---- Light Ion Engine Improved Targeting Computer ECM Suite Peak State ------------ > --- POWER ------------ Ion Engine > --- PROPULSION ------- Wheel Wheel > --- UTILITY ---------- Small Storage Unit Seismic Detector > --- WEAPON ----------- Light EM Pulse Cannon Light EM Pulse Cannon > --- INVENTORY -------- Ion Engine Hover Unit Hover Unit Hover Unit Hover Unit Improved Targeting Computer Medium Laser Maul [Rating: 10] Favorites ----------- Power Ion Engine Engine Ion Engine Propulsion Wheel Wheel Wheel Hover Unit Hover Unit Utility Small Storage Unit Device Seismic Detector Storage Small Storage Unit Processor Improved Targeting Computer Weapon Light EM Pulse Cannon Energy Gun EM Pulse Gun Energy Cannon Light EM Pulse Cannon Launcher Grenade Launcher Special Weapon Mining Laser Build | -11 -10 -10 ------- Run | Yrd Mat Min Slots Evolved . | . . . Power . | . . . Propulsion . | . . . Utility . | . . . Weapon . | . . . Parts Attached 20 | 8 10 2 Power 2 | 1 1 . Engine 2 | 1 1 . Core . | . . . Reactor . | . . . Propulsion 7 | 2 3 2 Treads . | . . . Leg . | . . . Wheel 3 | 2 . 1 Hover 4 | . 3 1 Flight . | . . . Utility 4 | 2 2 . Device 2 | 1 1 . Storage 1 | 1 . . Processor 1 | . 1 . Hackware . | . . . Protection . | . . . Artifact . | . . . Weapon 7 | 3 4 . Energy Gun 3 | 3 . . Energy Cannon 2 | . 2 . Ballistic Gun . | . . . Ballistic Cannon . | . . . Launcher 1 | . 1 . Special Weapon 1 | . 1 . Impact Weapon . | . . . Slashing Weapon . | . . . Piercing Weapon . | . . . Special Melee Weapon . | . . . Unidentified Prototypes . | . . . Corrupted Parts 1 | 1 . . System Corruption 3 | 3 . . Parts Lost 7 | . . 7 Power . | . . . Propulsion 4 | . . 4 Utility 1 | . . 1 Weapon 2 | . . 2 Highest Loss Streak 7 | . . 7 To Critical Strikes . | . . . Average Slot Usage (%) 92 | . 93 85 Engine 14 | . 14 14 Wheel 15 | . 16 2 Hover 12 | . 11 20 Device 13 | . 14 12 Storage 7 | . 8 . Processor 6 | . 5 14 Energy Gun 2 | . 2 . Energy Cannon 16 | . 18 . Launcher 2 | . 1 12 Special Weapon 1 | . . 10 Naked Turns . | . . . Heaviest Build 19 | 15 19 10 Greatest Support 20 | 20 20 12 Greatest Overweight (x) 2 | . 2 2 Average Overweight (x) . | . . . Largest Inventory Capacity 8 | 8 8 5 Average Capacity 6 | 7 6 5 Most Carried 8 | 7 8 5 Average Carried 6 | 4 6 4 Final Capacity 8 | 8 5 5 Final Carried 6 | 6 5 3 Class Distribution -------------------- 100% | Mutant Dominant Class ---------------- Mutant | -10/Materials Mutant | -10/Mines Resources | -11 -10 -10 ----------- Run | Yrd Mat Min Matter Collected 357 | 280 77 . Remotely . | . . . Salvage Created 426 | 136 268 22 Parts 28 | 6 22 . Haulers Intercepted . | . . . Recyclers Shooed 1 | 1 . . Parts Field Recycled . | . . . Retrieved Matter . | . . . Parts Self-Destructed . | . . . Prevented . | . . . Kills | -11 -10 -10 ------- Run | Yrd Mat Min Combat Hostiles Destroyed 13 | . 8 5 Cannons 8 | . 8 . AOE 5 | . . 5 Classes Destroyed 7 | 2 4 1 Worker 1 | . 1 . Tunneler 2 | 2 . . Recycler 1 | 1 . . Watcher 1 | . 1 . Swarmer 6 | . 6 . Grunt 2 | . 2 . Assembled 5 | . . 5 Best Kill Streak 5 | 1 3 5 Combat Bots Only 5 | . 3 5 Max Kills in Single Turn 3 | 1 1 3 Gunslinging . | . . . Exploded 3 | . . 3 Melee . | . . . Uniques/NPCs Destroyed . | . . . Combat | -11 -10 -10 -------- Run | Yrd Mat Min Hostile Shots Fired 43 | . 21 22 Missed 10 | . 5 5 Damage Taken 717 | 22 226 469 Core 252 | . 69 183 Absorbed by Shields . | . . . Core Remaining (%) 100 | 100 . . Volleys Fired 33 | 9 19 5 Largest 2 | 2 2 1 Hottest 112 | 80 112 30 Shots Fired 57 | 19 33 5 Gun 19 | 19 . . Cannon 33 | . 33 . Launcher 5 | . . 5 Special . | . . . Kinetic . | . . . Thermal . | . . . Explosive 5 | . . 5 Electromagnetic 52 | 19 33 . Robot Hit Streak 10 | 8 10 2 Robot Miss Streak 3 | 3 2 1 Penetration Max . | . . . Secondary Targets . | . . . Shots Hit Robots 35 | 12 21 2 Core Hits 25 | 4 11 10 Critical Kills . | . . . Critical Parts Destroyed . | . . . Critical Strikes 1 | 1 . . Corrupt 1 | 1 . . Melee Attacks . | . . . Impact . | . . . Slashing . | . . . Piercing . | . . . Sneak Attacks . | . . . Combat Hostiles . | . . . Follow-up Attacks . | . . . Damage Inflicted 972 | 196 519 257 Guns 143 | 143 . . Cannons 482 | . 482 . Explosions 347 | 53 37 257 Melee . | . . . Ramming . | . . . Kinetic . | . . . Thermal 90 | 53 37 . Explosive 257 | . . 257 Electromagnetic 625 | 143 482 . Impact . | . . . Slashing . | . . . Piercing . | . . . Highest Corruption 3 | 3 3 3 Average Corruption 3 | 3 3 3 Corruption Purged . | . . . Corruption Blocked . | . . . Effects 14 | 1 12 1 Message Errors 1 | . . 1 Matter Fused 4 | . 4 . Heat Flow Errors 4 | . 4 . Energy Discharges 1 | . 1 . Parts Fused 1 | . 1 . Data Loss (minor) 1 | . 1 . Data Loss (major) 1 | . 1 . Misfires 1 | 1 . . Overload Shots . | . . . Overflow Damage 18 | 8 8 2 Projectiles 8 | . 8 . Explosions 10 | 8 . 2 Melee . | . . . Knockbacks . | . . . Impact . | . . . Kinetic . | . . . Secondary . | . . . Self-Inflicted Damage 88 | 22 27 39 Shots 3 | 1 1 1 Rammed . | . . . Targets Rammed . | . . . Kicked . | . . . Crushed . | . . . Highest Temperature 359 | 66 359 16 Average Temperature 91 | 24 108 16 Received Heat Transfer 56 | . 36 20 Siege Activations . | . . . Robots Corrupted . | . . . Combat Hostiles . | . . . Parts Fried 3 | 1 2 . Impact Corruptions . | . . . Robots Melted . | . . . Combat Hostiles . | . . . Parts Melted . | . . . Heat Transferred 150 | 100 50 . Parts Sabotaged . | . . . Parts Stolen . | . . . Parts Stripped . | . . . Power Chain Reactions 3 | 2 1 . Alert | -11 -10 -10 ------- Run | Yrd Mat Min Peak Influence 269 | 15 269 21 Initial 9 | . 9 7 Average 89 | 4 117 5 Maximum Alert Level 1 | . 1 . Low Security (%) 89 | 100 86 100 Level 1 10 | . 13 . Level 2 . | . . . Level 3 . | . . . Level 4 . | . . . Level 5 . | . . . High Security . | . . . Max Security . | . . . Squads Dispatched 1 | . 1 . Investigation . | . . . Extermination . | . . . Reinforcement 1 | . 1 . Assault . | . . . Garrison . | . . . Intercept . | . . . Searches Triggered . | . . . Construction Impeded . | . . . Haulers Reinforced . | . . . Active Scanning Responses . | . . . Cargo Convoy Interrupts . | . . . Stealth | -11 -10 -10 --------- Run | Yrd Mat Min Distress Signals . | . . . Communications Jammed . | . . . Distress Signals . | . . . Times Spotted 31 | . 15 16 Peak Tracking Total 12 | . 4 12 Tactical Retreats 1 | . . 1 Traps | -11 -10 -10 ------- Run | Yrd Mat Min Traps Triggered 1 | . 1 . Indirectly . | . . . Trap Hack Attempts . | . . . Triggered . | . . . Disarmed . | . . . Reprogrammed . | . . . Reused . | . . . Traps Extracted . | . . . Installed . | . . . Triggered . | . . . Machines | -11 -10 -10 ---------- Run | Yrd Mat Min Machines Disabled . | . . . Max in Single Turn . | . . . Machines Repaired . | . . . Machines Dismantled . | . . . Machines Sabotaged . | . . . Overloaded Fab Kills . | . . . Hacking | -11 -10 -10 --------- Run | Yrd Mat Min Machines Accessed 7 | . 7 . Terminals 7 | . 7 . Fabricators . | . . . Repair Stations . | . . . Recycling Units . | . . . Scanalyzers . | . . . Garrison Access . | . . . Total Hacks 18 | . 18 . Successful 9 | . 9 . Failed 9 | . 9 . Catastrophic 1 | . 1 . Database Lockouts . | . . . Manual 8 | . 8 . Terminals 18 | . 18 . Fabricators . | . . . Repair Stations . | . . . Recycling Units . | . . . Scanalyzers . | . . . Garrison Access . | . . . Terminal Hacks 4 | . 4 . Alert Level 1 | . 1 . Unreport Threat 1 | . 1 . Locate Traps 1 | . 1 . Maintenance Status 1 | . 1 . Fabricator Hacks . | . . . Repair Station Hacks . | . . . Recycling Unit Hacks . | . . . Scanalyzer . | . . . Garrison Access Hacks . | . . . Unauthorized Hacks 5 | . 5 . Terminals 5 | . 5 . Botnet 5 | . 5 . Fabricators . | . . . Repair Stations . | . . . Recycling Units . | . . . Scanalyzers . | . . . Garrison Access . | . . . Data Cores Recovered . | . . . Used . | . . . Hacking Detections 7 | . 7 . Full Trace Events . | . . . Feedback Events . | . . . Feedback Blocked . | . . . Robot Schematics Acquired . | . . . Robots Built . | . . . Authchips . | . . . Time . | . . . Total Robot Build Rating . | . . . Part Schematics Acquired . | . . . Parts Built . | . . . Authchips . | . . . Time . | . . . Total Part Build Rating . | . . . Parts Repaired . | . . . Time . | . . . Parts Recycled . | . . . Recycled Matter . | . . . Retrieved Matter . | . . . Retrieved Components . | . . . Parts Scanalyzed . | . . . Part Schematics Acquired . | . . . Parts Damaged . | . . . Bothacking | -11 -10 -10 ------------ Run | Yrd Mat Min Used RIF Installer . | . . . Robots Hacked . | . . . Non-combat . | . . . Combat . | . . . Robot Hacks Applied . | . . . Relay Couplers Released . | . . . Fabnet Peak Effective % . | . . . Robots Rewired . | . . . Allies Hacked . | . . . Hacks Repelled . | . . . Allies | -11 -10 -10 -------- Run | Yrd Mat Min Total Allies . | . . . Largest Group . | . . . Highest-Rated Group . | . . . Highest-Rated Ally . | . . . Total Orders . | . . . Ally Attacks . | . . . Total Damage . | . . . Kills . | . . . Allies Corrupted . | . . . Allies Melted . | . . . Intel | -11 -10 -10 ------- Run | Yrd Mat Min Robot Analysis Total . | . . . Derelict Logs Recovered . | . . . Drone Launches . | . . . Drone Recoveries . | . . . Exploration | -11 -10 -10 ------------- Run | Yrd Mat Min Turns Passed 851 | 149 638 64 Spaces Moved 769 | 108 580 81 Core 9 | 1 . 8 Treads . | . . . Legs . | . . . Wheels 389 | 107 282 . Hover 371 | . 298 73 Flight . | . . . Fastest Speed 50 | 50 56 56 Average Speed 69 | 79 68 63 Slowest Speed 180 | 80 180 150 Overloaded Moves . | . . . Propulsion Burnouts . | . . . Robots Hopped . | . . . Cave-ins Triggered . | . . . Exploration Rate (%) 31 | 5 68 22 Regions Visited 2 Branch Regions 1 Pre-discovered Areas . | . . . Known Exits Taken . | . . . Unknown Exits Taken 2 | 1 1 . Scrap Searched . | . . . Spaces Dug . | . . . Terrain Destroyed 36 | 6 7 23 Melee . | . . . Projectile . | . . . AOE 36 | 6 7 23 Terrain Rammed . | . . . Walls Destroyed . | . . . Machines Disabled . | . . . Actions | -11 -10 -10 --------- Run | Yrd Mat Min Total 1030 | 150 791 89 Wait 166 | 17 148 1 Move 767 | 107 579 81 Hop . | . . . Pick Up 24 | 9 15 . Fast Attach 11 | 4 7 . Attach 6 | 3 1 2 Detach . | . . . Swap 3 | 1 2 . Drop 20 | . 20 . Fire 33 | 9 19 5 Melee . | . . . Ram . | . . . Kick . | . . . Crush . | . . . Escape Stasis . | . . . Rewire . | . . . Trap . | . . . Miscellaneous . | . . . Route ------- -11/Scrapyard -10/Materials (discovered 3 exits: [*Mat x2] / [*Min]) -10/Mines History --------- Turn | Location | Event 53 | -11/Scrapyard | Discovered new exit (range 14) 150 | -11/Scrapyard | Entered Materials 307 | -10/Materials | Build established: Mutant 331 | -10/Materials | Discovered new exit (range 3) 617 | -10/Materials | Discovered new exit (range 15) 765 | -10/Materials | Discovered new exit (range 7) 788 | -10/Materials | Entered Mines 803 | -10/Mines | Assembled infested the area 808 | -10/Mines | Assisted by a Guerilla fighting off Assembled 847 | -10/Mines | Core integrity fell below 50% 852 | -10/Mines | Destroyed by D-53 Grenadier with Mini Grenade Launcher Last Messages --------------- 00831_ as-10564 destroyed. 00831_ as-79558 destroyed. 00831_ as-15208 destroyed. 00832_ as-25191 destroyed. 00833_ as-51916 destroyed. 00833_ as-34013 destroyed. 00834_ as-20849 destroyed. 00834_ Hover Unit destroyed. 00835_ K-01 Serf collects debris. 00844_ U-05 Engineer lays Concrete. 00844_ Grenade Launcher destroyed. 00844_ K-01 Serf destroyed. 00845_ The unstable cave ceiling collapses. 00845_ K-01 Serf collects debris. 00845_ Sensor Array destroyed. 00845_ K-01 Serf destroyed. 00846_ Wheel destroyed. 00846_ Laser Drill disabled. 00851_ The unstable cave ceiling collapses. 00852_ Hover Unit destroyed. Map ----- +----------------------------------------------------+ | | | | | | | | | | | | | | | | | | | | | | | | | | | | | | | ?????????????????????????????????????????????????? | | ???????????????????????????####??????????????????? | | ?????????????????????????### #####??????????????? | | ??????????????????######## ##?????????????? | | ?????????????????## ## #####?????????? | | ????????????????## """ #?????????? | | ????????????????# "" #?????????? | | ????????????????# d # "" #?????????? | | ??????????????### d #?????????? | | ??????????????# #?????????? | | ??????????????# @ #?????????? | | ??????????????# ########?????????? | | ?????????????## # #####????????????????? | | ????#????????# ?###????????????????????? | | ????# ??#### u ##????????????????????????? | | ????# ## # #?????????? ??????????????? | | ???## ] #??????? #?????????????? | | ??## !%! ! #???? #??????????????? | | ??# =#### ### #??????????????? | | ] ##??# #??????????????????? | | ##???# #### #???????????????????? | | #????# #?????????????????????????? | | #????# ######????????????????????? | | ## ### #????# #????????????????????? | | ??###??### ##????# #????????????????????? | | ??????????####?????# #????????????????????? | | ????????????????????# #????????????????????? | | ????????????????????# #????????????????????? | | ????????????????????# #????????????????????? | | ????????????????????#########????????????????????? | | ?????????????????????????????????????????????????? | | ?????????????????????????????????????????????????? | | ?????????????????????????????????????????????????? | | ?????????????????????????????????????????????????? | | ?????????????????????????????????????????????????? | +----------------------------------------------------+ Best States ------------- Heat Dissipation 25 Energy Generation 10 Energy Capacity 250 Matter Stores 300 Matter Capacity 300 Sight Range 16 Robot Scan Range 14 Terrain Scan Density 10 Evasion (%) 53 Targeting Accuracy 6 Item Schematics ----------------- None Robot Schematics ------------------ None Fabricated ------------ Nothing Alien Tech Used ----------------- None Achievements -------------- None Challenges ------------ None Game ------ Seed ContainmentShrapnelClaymores Manual? 0 Play Time 00:29:39 Cumulative 73.5 hours Start 2024.05.02 @ 16:36:25 End 2024.05.02 @ 17:09:30 Sessions 1 Manual Loads 0 Difficulty Rogue Special Mode None Game No. 45 Rogue 45 Adventurer 0 Explorer 0 Win Type - Total 0 Types 0/0/0/0/0/0/0/0/0 Lore% 32 Gallery% 46 Achievement% 34 Wizard Run 0 Options --------- Layout 1 ASCII 0 Keyboard 0 Movement Mouse Keybinds 0 Fullscreen 1 Font 24/Smallcaps Map View 50x35 Zoom Use 0% Tactical HUD 1 Map Filters NONE Filters NONE Steam 1 RUN: 75e6954c-96e6-43d8-b110-dab8b5d578cf